 Dungeon Crawl Stone Soup version 0.30-a0-368-g86fb4627a9 (webtiles) character file.

Game seed: 17552275255461372136

1581 greasedhog the Covered (level 8, 0/74 HPs)
             Began as an Armataur Fighter on Nov 19, 2022.
             Slain by a boulder beetle (40 damage)
             ... on level 7 of the Dungeon.
             The game lasted 00:08:37 (5721 turns).

greasedhog the Covered (Armataur Fighter)           Turns: 5721, Time: 00:08:38

Health: 0/74       AC:  9    Str: 24    XL:     8   Next: 60%
Magic:  8/8        EV:  7    Int:  9    God:
Gold:   235        SH:  4    Dex:  9    Spells: 7/7 levels left

rFire   . . .      SeeInvis .    v - +2 whip (elec)
rCold   . . .      Faith    .    c - +0 buckler
rNeg    . . .      Spirit   .    b - +0 scale mail
rPois   .          Reflect  .    k - +0 helmet
rElec   .          Harm     .    (no cloak)
rCorr   +          Roll     +    (no gloves)
Will    +....                    (no barding)
Stlth   ..........               (no amulet)
HPRegen 0.32/turn                a - ring of resist corrosion
MPRegen 0.11/turn                w - ring of willpower

@: no status effects
A: large, rugged brown scales 3, deformed body, armoured tail, roll, long
tongue, awkward tongue
a: no special abilities


You were on level 7 of the Dungeon.
You visited 1 branch of the dungeon, and saw 7 of its levels.

You collected 315 gold pieces.
You spent 80 gold pieces at shops.

Inventory:

Hand Weapons
 v - a +2 whip of electrocution (weapon)
Missiles
 t - 6 poisoned darts (quivered)
Armour
 b - a +0 scale mail (worn)
 c - a +0 buckler (worn)
 k - a +0 helmet (worn)
Jewellery
 a - a ring of resist corrosion (left hand)
 w - a ring of willpower (right hand)
Wands
 y - a wand of flame (11)
Scrolls
 f - 4 scrolls of fog
 h - 6 scrolls of teleportation
 i - 3 scrolls of fear {unknown}
 l - 4 scrolls of enchant armour {unknown}
 m - 2 scrolls of enchant weapon {unknown}
 o - a scroll of noise {unknown}
 s - a scroll of acquirement {unknown}
 x - 3 scrolls of amnesia {unknown}
 z - a scroll of poison {unknown}
 A - a scroll of magic mapping {unknown}
Potions
 d - 3 potions of magic {unknown}
 e - 2 potions of curing
 g - 3 potions of haste {unknown}
 j - 4 potions of heal wounds
 n - a potion of brilliance {unknown}
 p - a potion of flight {unknown}
 r - 3 potions of lignification
 u - a potion of mutation


   Skills:
 * Level 6.3 Fighting
 * Level 6.0 Maces & Flails
 * Level 7.2 Armour
 - Level 5.1 Shields


You had 7 spell levels left.
You didn't know any spells.
Your spell library contained the following spells:

 Spells                   Type           Power      Damage    Failure   Level
 Freeze                   Ice            0%         1d3       73%         1
 Kiss of Death            Conj/Necr      0%         2d5       73%         1
 Confusing Touch          Hex            0%         N/A       97%         3
 Frozen Ramparts          Ice            0%         1d1       97%         3
 Hailstorm                Conj/Ice       0%         3d3       97%         3
 Airstrike                Air            0%         2d(0-16)  100%        4
 Dispel Undead            Necr           0%         3d6       100%        4
 Summon Lightning Spire   Summ/Air       0%         N/A       100%        4
 Lightning Bolt           Conj/Air       0%         1d11      100%        5


Dungeon Overview and Level Annotations

Branches:
Dungeon (7/15)
 Temple: D:4-7

Altars:
Nemelex Xobeh
Trog
Zin

Shops:
D:4 !   D:6 [


Innate Abilities, Weirdness & Mutations

You are completely covered in rugged brown scales. (AC +3, +7% HP)
Armour fits poorly on your strangely shaped body.
You have a long armoured tail.
You roll when moving toward enemies. (Rampage)
Your long tongue fully drains potion bottles. (2x potion effects)
Your tongue gives you trouble enunciating. (1.5x scroll delay)


Message History

You hit the boulder beetle but do no damage.
You tail-slap the boulder beetle, but do no damage.
The boulder beetle is heavily wounded.
The boulder beetle looks more healthy.
The boulder beetle leaps!
Aiming: Throw Flame
Press: ? - help, Shift-Dir - straight line, f/p - boulder beetle
Aim: a boulder beetle (heavily wounded, 100% to hit)
The puff of flame hits the boulder beetle but does no damage.
The boulder beetle is heavily wounded.
Aiming: Throw Flame
Press: ? - help, Shift-Dir - straight line, f/p - boulder beetle
Aim: a boulder beetle (heavily wounded, 100% to hit)
The puff of flame hits the boulder beetle but does no damage.
The boulder beetle is heavily wounded.
Aiming: Throw Flame
Press: ? - help, Shift-Dir - straight line, f/p - boulder beetle
Aim: a boulder beetle (heavily wounded, 100% to hit)
The puff of flame hits the boulder beetle but does no damage.
The boulder beetle is heavily wounded.
The boulder beetle curls into a ball and begins rolling!
Aiming: Throw Flame
Press: ? - help, Shift-Dir - straight line, f/p - boulder beetle
Aim: a boulder beetle (heavily wounded, rolling, 100% to hit)
The puff of flame hits the boulder beetle.
The boulder beetle is heavily wounded.
Aiming: Throw Flame
Press: ? - help, Shift-Dir - straight line, f/p - boulder beetle
Aim: a boulder beetle (heavily wounded, rolling, 100% to hit)
The puff of flame hits the boulder beetle but does no damage.
The boulder beetle is heavily wounded.
Throw: 7 darts (poison)
Press: ? - help, Q - select action, (/) - cycle Shift-Dir - straight line, f/p - boulder beetle
Aim: a boulder beetle (heavily wounded, rolling, 89% to hit)
You throw a poisoned dart.
The poisoned dart hits the boulder beetle.
The boulder beetle is poisoned.
The boulder beetle is heavily wounded.
The boulder beetle hits you!!!
Ouch! That really hurt!
You die...

....$.#
......#
#.....#
#(.°..#
#..°..#
#.○...#
#B....+
+@....#
#.....#
#..<..#
#######


You could see a boulder beetle (rolling, poisoned).

Vanquished Creatures
  Edmund (D:4)
  2 black bears
  3 ogres
  A centaur (D:6)
  A lemure (D:3)
  2 phantoms
  A necrophage (D:4)
  A bullfrog (D:6)
  A scorpion (D:6)
  3 jellies
  2 hounds
  An iguana (D:5)
  Jessica (D:3)
  Ijyb (D:3)
  2 orc wizards
  7 gnolls
  10 adders
  A worm (D:2)
  2 dart slugs
  20 orcs
  5 ball pythons
  6 endoplasms
  9 goblins
  5 hobgoblins
  2 jackals (D:2)
  3 quokkas
  5 bats
  2 frilled lizards (D:2)
  10 kobolds
  6 rats
116 creatures vanquished.

Notes
Turn   | Place    | Note
-------+----------+-------------------------------------------
     0 | D:1      | greasedhog the Armataur Fighter began the quest for the
                  | Orb.
     0 | D:1      | Reached XP level 1. HP: 19/19 MP: 1/1
   185 | D:1      | Reached XP level 2. HP: 26/26 MP: 2/2
   238 | D:1      | Reached skill level 4 in Armour
   637 | D:2      | Reached XP level 3. HP: 20/33 MP: 3/3
  1625 | D:3      | Noticed Jessica
  1629 | D:3      | Killed Jessica
  1630 | D:3      | Reached XP level 4. HP: 37/40 MP: 4/4
  1848 | D:3      | Noticed Ijyb
  1879 | D:3      | Killed Ijyb
  2060 | D:3      | Noticed Grinder
  2063 | D:3      | Paralysed by Grinder for 3 turns
  2071 | D:3      | Grinder changed into Grinder the lemure
  2071 | D:3      | Noticed Grinder
  2085 | D:3      | Killed Grinder the lemure
  2086 | D:3      | Reached skill level 5 in Armour
  2086 | D:3      | Reached XP level 5. HP: 18/49 MP: 5/5
  2355 | D:4      | Noticed an ogre
  2748 | D:4      | Noticed Edmund
  2761 | D:4      | Killed Edmund
  2762 | D:4      | Reached XP level 6. HP: 39/55 MP: 6/6
  2961 | D:3      | HP: 2/56 [kobold/+2 whip of electrocution (2)]
  3176 | D:4      | Found Rutewkus's Distillery.
  3232 | D:4      | Bought a potion of mutation for 80 gold pieces
  3368 | D:4      | Reached XP level 7. HP: 60/64 MP: 7/7
  3435 | D:4      | Found a bloodstained altar of Trog.
  3435 | D:4      | Found a sparkling altar of Nemelex Xobeh.
  3436 | D:4      | Found a glowing silver altar of Zin.
  3640 | D:5      | Entered Level 5 of the Dungeon
  3927 | D:5      | Reached skill level 5 in Fighting
  4068 | D:5      | Reached skill level 5 in Maces & Flails
  4068 | D:5      | Reached skill level 5 in Shields
  4816 | D:6      | Reached skill level 6 in Armour
  4816 | D:6      | Reached XP level 8. HP: 71/73 MP: 8/8
  5217 | D:6      | Reached skill level 7 in Armour
  5352 | D:6      | Found Bivo's Antique Armour Shoppe.
  5707 | D:7      | Noticed a boulder beetle
  5721 | D:7      | Slain by a boulder beetle

Illustrated notes

Levels and vault maps discovered:
D:1:      evilmike_arrival_fibonacci_small, layout_rooms, st_stairs_1
D:2:      layout_basic, minmay_goblin_kobold_house
D:3:      layout_basic, nicolae_figureground_sparkle, uniq_jessica,
          uniq_grinder, uniq_ijyb
D:4:      layout_loops_ring, chequers_temple_overflow_statue_of_worship,
          serial_shops, nicolae_lakefront_shop, uniq_edmund
D:5:      layout_basic
D:6:      layout_layer_cave, serial_shops, kennysheep_mini_moat,
          minmay_stone_trees_small, nrook_mini_backslash, moated_statue
D:7:      lemuel_insect_pit, layout_gridville, grunt_temple_overflow_cloverleaf,
          fedhas_altar_2, minmay_temple_entry_proselytizer,
          nicolae_ossuary_entry_ruins, serial_co_window_serial,
          co_window_corner_a, co_window_paths_a, co_window_paths_a,
          co_window_paths_a, co_window_paths_a, co_window_corner_a,
          co_window_corner_a, co_window_broadway_a, co_window_of_opportunity_c,
          co_window_paths_c, co_window_2corner, co_window_corner_ca,
          glass_columns_b, glass_columns_a, glass_columns_a, glass_columns_c,
          glass_columns_a, uniq_pikel

Skill      XL: |  1  2  3  4  5  6  7  8 |
---------------+-------------------------+-----
Maces & Flails | 2 3 4 5 6 |  6.0
Armour         | 4 5 6 7 |  7.2
Fighting       | 3 4 5 6 |  6.3
Shields        | 4 5 |  5.1

Action                   |  1- 3 |  4- 6 |  7- 9 || total
-------------------------+-------+-------+-------++-------
Melee: Flail             |   120 |   101 |       ||   221
       Tailslap          |     9 |    13 |    20 ||    42
       Unarmed           |       |     1 |       ||     1
       Whip              |       |    25 |   185 ||   210
Throw: Dart              |       |     5 |     9 ||    14
Evoke: Wand              |       |     2 |     6 ||     8
  Use: Scroll            |     2 |     2 |     1 ||     5
       Potion            |     1 |     1 |       ||     2
Armor: Scale mail        |    76 |    63 |   102 ||   241
Dodge: Dodged            |    44 |    40 |    62 ||   146
Block: Buckler           |    22 |    19 |    32 ||    73

Table legend: (Time is in decaauts)
 A = Elapsed time spent in this place.
 B = Non-inter-level travel time spent in this place.
 C = Inter-level travel time spent in this place.
 D = Time resting spent in this place.
 E = Time spent auto-exploring this place.
 F = Levels seen in this place.
 G = Mean time per level.
                   A        B        C        D        E       F      G
               +--------+--------+--------+--------+--------+-----+--------+
         Total |   5764 |   5414 |    350 |    420 |   4097 |   7 |  823.4 |
       Dungeon |   5764 |   5414 |    350 |    420 |   4097 |   7 |  823.4 |
               +--------+--------+--------+--------+--------+-----+--------+

Top non-repeatable levels by time:
     D:3: 1289 daAuts
     D:6: 1184 daAuts
     D:4: 932 daAuts
     D:2: 876 daAuts
     D:5: 860 daAuts
     D:1: 606 daAuts
     D:7: 15 daAuts
